 Dungeon Crawl Stone Soup version 0.18.1-50-g88ac8fd (webtiles) character file.

11109 Amnesiac the Pioneer (level 11, -11/58 HPs)
             Began as a Vine Stalker Artificer on July 6, 2018.
             Was an Elder of Pakellas.
             Killed themself with a badly aimed iceblast (24 damage)
             ... on level 11 of the Dungeon.
             The game lasted 00:35:18 (9794 turns).

Amnesiac the Pioneer (Vine Stalker Artificer)       Turns: 9794, Time: 00:35:18

Health: -11/58     AC: 10    Str: 16    XL:     11   Next: 72%
Magic:  0/19       EV: 10    Int: 12    God:    Pakellas [****..]
Gold:   48         SH: 11    Dex: 19    Spells: 1 memorised, 8 levels left

rFire  + . .     SeeInvis .     a - +3 dagger (venom)
rCold  . . .     Gourm    .     R - +2 leather armour {MR+}
rNeg   . . .     Faith    .     P - +0 shield
rPois  .         Spirit   +     r - +0 helmet
rElec  .         Dismiss  .     w - +0 cloak
rCorr  .         Reflect  .     t - +2 pair of gloves
SustAt .         Harm     .     (no boots)
MR     ++...                    (no amulet)
Stlth  ++++......               S - ring of protection from fire
                                C - +3 ring of dexterity

@: very resistant to hostile enchantments, stealthy
A: fangs 3, regeneration 2, magic shield, antimagic bite, no device heal 3, rot
immunity
a: Quick Charge, Device Surge, Renounce Religion


You were on level 11 of the Dungeon.
You worshipped Pakellas.
Pakellas was greatly pleased with you.
You were near starving.

You visited 2 branches of the dungeon, and saw 12 of its levels.

You collected 466 gold pieces.
You spent 418 gold pieces at shops.

Inventory:

Hand Weapons
 a - a +3 dagger of venom (weapon)
 b - a +0 blowgun
Missiles
 l - 121 poisoned needles
Armour
 q - a +0 pair of boots
 r - a +0 helmet (worn)
 t - a +2 pair of gloves (worn)
 w - a +0 cloak (worn)
 P - a +0 shield (worn)
 R - a +2 leather armour of magic resistance (worn)
Jewellery
 C - a +3 ring of dexterity (left hand)
 S - a ring of protection from fire (right hand)
 W - an uncursed ring of see invisible
Wands
 d - a wand of enslavement (10/24)
 e - a wand of random effects (12/48)
 g - a wand of paralysis (10/24)
 J - a wand of flame (39/48)
 N - a wand of acid (6/15)
 T - a wand of enslavement (13/24)
 V - a wand of iceblast (11/15)
 Y - a wand of confusion (16/48)
Scrolls
 m - 3 scrolls of teleportation {!r}
 n - 7 scrolls of remove curse {!r}
 s - 2 scrolls of magic mapping {!r}
 u - a scroll of enchant weapon {!r}
 v - 2 scrolls of enchant armour {!r}
 x - 2 scrolls of fog {!r}
 G - 2 scrolls of blinking {!r}
Potions
 c - a potion of haste {!q}
 h - 2 potions of agility {!q}
 k - 2 potions of berserk rage {!q}
 o - 2 potions of brilliance {!q}
 p - 7 potions of curing {!q}
 z - 3 potions of mutation {!q}
 A - a potion of flight {!q}
 E - 3 potions of cure mutation {!q}
 H - 3 potions of might {!q}
 I - 3 potions of lignification {!q}
 X - a potion of magic {!q}
Miscellaneous
 F - a phantom mirror
 K - a box of beasts
 O - a stone of tremors (inert)
 U - a disc of storms
Comestibles
 f - 5 bread rations
 i - 8 royal jellies
 j - 3 beef jerkies
 D - 3 slices of pizza
 Z - 2 meat rations


   Skills:
 + Level 6.7 Fighting
 - Level 8.0 Short Blades
 - Level 1.5 Dodging
 - Level 8.0 Stealth
 - Level 7.0 Shields
 - Level 10.0 Evocations


You had 8 spell levels left.
You knew the following spells:

 Your Spells              Type           Power        Failure   Level  Hunger
a - Corpse Rot            Necr           N/A          98%         2    ###....


Dungeon Overview and Level Annotations

Branches:
Dungeon (11/15)            Temple (1/1) D:7            Lair (0/8) D:9
    Orc: D:9-12

Altars:
Ashenzari
Cheibriados
Dithmenos
Elyvilon
Fedhas
Gozag
Kikubaaqudgha
Makhleb
Nemelex Xobeh
Okawaru
Pakellas
Qazlal
Ru
Sif Muna
Trog
Vehumet
Xom
Yredelemnul
Zin
The Shining One

Shops:
D:4 *!   D:6 [   D:7 [   D:10 ===:


Innate Abilities, Weirdness & Mutations

You have razor-sharp teeth.
You heal very quickly.
When hurt, damage is shared between your health and your magic reserves.
Your bite disrupts and absorbs the magic of your enemies.
Potions and wands cannot restore your health.
You are immune to rotting.


Message History

The killer bee struggles to resist.
This wand has 12 charges left.
You feel sick. You block the killer bee's attack. x2
The killer bee stings you.
* * * LOW HITPOINT WARNING * * *
The killer bee stings you but does no damage.
The killer bee completely misses you. The killer bee stings you.
* * * LOW HITPOINT WARNING * * *
You are more poisoned.
The killer bee poisons you!
Unknown command.
Evoke which item? (* to show all) (? for menu, Esc to quit)
Zapping:
g - a wand of paralysis (12/24)
Press: ? - help, Shift-Dir - straight line, f/p - killer bee
Aim: a killer bee (chance to defeat MR: 75%)
The killer bee suddenly stops moving!
This wand has 11 charges left.
You feel very sick.
The killer bee stings you but does no damage.
The killer bee closely misses you. You block the killer bee's attack.
The killer bee stings you.
* * * LOW HITPOINT WARNING * * *
Unknown command.
The helpless killer bee fails to defend itself.
You perforate the killer bee like a sieve!!!!
You kill the killer bee!
Pakellas accepts your kill.
You feel your power returning.
You feel sick. You block the killer bee's attack.
The howler monkey hoots and howls with incredible vigour!
You block the killer bee's attack.
You hear a bellow! x3
Drink which item? (? for menu, Esc to quit)
Really quaff
p - 8 potions of curing {!q}?
You feel better. You block the killer bee's attack. x2
The killer bee closely misses you. You block the killer bee's attack.
Evoke which item? (* to show all) (? for menu, Esc to quit)
Zapping:
g - a wand of paralysis (11/24)
Press: ? - help, Shift-Dir - straight line, f - killer bee
Aim: a killer bee (chance to defeat MR: 75%)
The killer bee suddenly stops moving!
This wand has 10 charges left.
The killer bee stings you.
* * * LOW HITPOINT WARNING * * *
The killer bee stings you.
* * * LOW HITPOINT WARNING * * *
Unknown command.
The helpless killer bee fails to defend itself.
You spit the killer bee like a pig!!!
You kill the killer bee!
Pakellas accepts your kill. The killer bee stings you.
* * * LOW HITPOINT WARNING * * *
You block the howler monkey's attack. x2
Casting: Corpse Rot
Confirm with . or Enter, or press ? or * to list all spells.
You don't know that spell.
Evoke which item? (* to show all) (? for menu, Esc to quit)
Zapping:
e - a wand of random effects (12/48)
Press: ? - help, Shift-Dir - straight line, f - killer bee
Aim: a killer bee The mass of ice explodes!
The iceblast engulfs the killer bee.
You kill the killer bee!
Pakellas accepts your kill.
You feel your power returning. The iceblast engulfs you!
You die...
Pakellas says: Time to start the next experiment...

..[.......................
.....
..........................
..###########^....../.....
..# #............. ..#
#....†....h... ..#
#............. ..#
#.............
..###########..h†#########
...............†@#
.................#
......######.....#
......#....#.....#
......#....#))...#
......#....#.....####
......#....'.).....).
......#....#.........
......######......###


You could see a howler monkey.

Vanquished Creatures
  A death knight (D:11)
  Erica (D:9)
  A skeletal warrior (D:11)
  3 hill giants
  An ice statue (D:10)
  2 spiny frogs (D:9)
  A gargoyle (D:10)
  2 freezing wraiths (D:11)
  2 komodo dragons (D:9)
  A two-headed ogre (D:9)
  Sigmund (D:4)
  A wraith (D:11)
  A hippogriff (D:7)
  2 water moccasins
  3 ice beasts
  An orc warrior (D:10)
  2 sky beasts
  2 centaurs
  2 phantoms
  3 ogres
  A big kobold (D:9)
  10 giant frogs
  A gnoll sergeant (D:11)
  A scorpion (D:7)
  17 killer bees
  8 wights
  2 crimson imps
  2 giant frog zombies
  A wasp zombie (D:8)
  4 hounds
  A jelly (D:9)
  A quasit (D:8)
  4 orc priests
  2 centaur skeletons
  8 orc wizards
  3 giant frog skeletons
  An iron imp (D:3)
  Ijyb (D:3)
  3 iguanas
  2 worker ants
  2 hound zombies
  The ghost of GammafunkIsABaby the Chiller, a weakling HEIE (D:5)
  The ghost of GammafunkIsABaby the Chiller, a weakling HEIE of Yredelemnul (D:3)
  Robin (D:4)
  A howler monkey skeleton (D:4)
  11 adders
  5 gnolls (D:11)
  A shadow imp (D:5)
  3 worms (D:2)
  A dart slug (D:3)
  5 giant geckos
  20 orcs
  6 giant cockroaches
  15 goblins
  7 hobgoblins
  13 jackals
  16 kobolds
  6 quokkas
  A ball python (D:4)
  5 bats
  3 giant newts
  5 rats
  3 rat zombies (D:9)
238 creatures vanquished.

Vanquished Creatures (collateral kills)
  A queen bee (D:8)
  3 killer bees (D:8)
4 creatures vanquished.

Vanquished Creatures (others)
  2 killer bees (D:8)
2 creatures vanquished.

Grand Total: 244 creatures vanquished

Notes
Turn   | Place    | Note
--------------------------------------------------------------
     0 | D:1      | Amnesiac the Vine Stalker Artificer began the quest for the Orb.
     0 | D:1      | Reached XP level 1. HP: 9/9 MP: 3/3
     4 | D:1      | Reached skill level 1 in Short Blades
   142 | D:1      | Reached XP level 2. HP: 14/14 MP: 5/5
   304 | D:2      | Reached XP level 3. HP: 17/17 MP: 6/6
   314 | D:3      | Noticed GammafunkIsABaby's ghost (weakling HEIE)
   356 | D:3      | Killed GammafunkIsABaby's ghost
   551 | D:3      | Noticed Ijyb
   564 | D:3      | Found an oddly glowing altar of Pakellas.
   568 | D:3      | Became a worshipper of Pakellas the Inventive
   585 | D:3      | Killed Ijyb
   585 | D:3      | Reached XP level 4. HP: 17/21 MP: 5/7
  1654 | D:2      | Reached XP level 5. HP: 24/25 MP: 6/8
  1723 | D:2      | Found a deep blue altar of Sif Muna.
  1914 | D:2      | Reached * piety under Pakellas
  1914 | D:2      | Received a gift from Pakellas
  2373 | D:3      | Reached skill level 5 in Short Blades
  2526 | D:3      | Found a glowing silver altar of Zin.
  2528 | D:3      | Noticed an ogre
  2537 | D:3      | Killed an ogre
  2537 | D:3      | Gained mutation: You heal very quickly. [Vine Stalker growth]
  2537 | D:3      | Reached XP level 6. HP: 7/29 MP: 3/9
  2601 | D:3      | Noticed Grinder
  2610 | D:3      | HP: 1/29 [Grinder (5)]
  2821 | D:3      | Noticed Grinder
  2821 | D:3      | Grinder changed into Grinder the iron imp
  2830 | D:3      | Killed Grinder the iron imp
  2938 | D:4      | Noticed Sigmund
  2957 | D:4      | Killed Sigmund
  2957 | D:4      | Reached XP level 7. HP: 32/32 MP: 10/10
  2997 | D:4      | Found Guiriex's Distillery.
  3002 | D:4      | Bought a potion of lignification for 36 gold pieces
  3002 | D:4      | Bought a potion of mutation for 30 gold pieces
  3002 | D:4      | Bought a potion of curing for 36 gold pieces
  3002 | D:4      | Bought a potion of might for 48 gold pieces
  3289 | D:4      | Noticed Robin
  3301 | D:4      | Killed Robin
  3301 | D:4      | Reached ** piety under Pakellas
  3301 | D:4      | Received a gift from Pakellas
  3341 | D:4      | Found Tanaas's Assorted Antiques.
  3357 | D:4      | Found a burning altar of Makhleb.
  3357 | D:4      | Noticed a cacodemon
  3684 | D:5      | Entered Level 5 of the Dungeon
  3700 | D:5      | Noticed a hill giant
  3715 | D:5      | Noticed GammafunkIsABaby's ghost (weakling HEIE)
  3780 | D:5      | Found a blossoming altar of Fedhas.
  4094 | D:5      | Killed a hill giant
  4094 | D:5      | Reached skill level 4 in Evocations
  4094 | D:5      | Gained mutation: You have razor-sharp teeth. [Vine Stalker growth]
  4094 | D:5      | Reached XP level 8. HP: 37/37 MP: 10/12
  4105 | D:5      | Reached skill level 5 in Evocations
  4763 | D:5      | Killed GammafunkIsABaby's ghost
  4900 | D:6      | Reached skill level 5 in Stealth
  4921 | D:6      | Found Duhiavise's Armour Shop.
  4930 | D:6      | Reached *** piety under Pakellas
  4930 | D:6      | Received a gift from Pakellas
  4939 | D:6      | Reached XP level 9. HP: 40/40 MP: 13/13
  4957 | D:6      | Bought a +0 shield for 58 gold pieces
  5380 | D:7      | Reached skill level 6 in Evocations
  5474 | D:7      | Found Jula's Antique Armour Boutique.
  5905 | D:7      | Reached skill level 7 in Evocations
  5950 | D:7      | Found a blossoming altar of Fedhas.
  6113 | D:7      | Found a staircase to the Ecumenical Temple.
  6373 | Temple   | Entered the Ecumenical Temple
  6673 | D:8      | Found an opulent altar of Gozag.
  6706 | D:8      | Found an oddly glowing altar of Pakellas.
  6762 | D:8      | Found Xotukhlaa's Book Emporium.
  6865 | D:8      | Noticed a queen bee
  6879 | D:8      | Killed a queen bee
  6879 | D:8      | Reached skill level 8 in Evocations
  6881 | D:8      | Reached **** piety under Pakellas
  6881 | D:8      | Received a gift from Pakellas
  6994 | D:8      | Reached XP level 10. HP: 41/44 MP: 10/17
  7005 | D:8      | Reached skill level 9 in Evocations
  7243 | D:8      | Learned a level 2 spell: Corpse Rot
  7614 | D:8      | Learned a level 3 spell: Regeneration
  7791 | D:9      | Noticed a spiny frog
  7800 | D:9      | Killed a spiny frog
  7804 | D:9      | Reached skill level 1 in Shields
  7804 | D:9      | Reached skill level 10 in Evocations
  7814 | D:9      | Found a staircase to the Lair.
  7814 | D:9      | Noticed a spiny frog
  7827 | D:9      | Killed a spiny frog
  8068 | D:9      | Found an ancient bone altar of Kikubaaqudgha.
  8258 | D:9      | Found a sparkling altar of Nemelex Xobeh.
  8357 | D:9      | Noticed Erica
  8364 | D:9      | Killed Erica
  8407 | D:10     | Entered Level 10 of the Dungeon
  8407 | D:10     | Found an opulent altar of Gozag.
  8422 | D:10     | Reached XP level 11. HP: 53/53 MP: 19/19
  8440 | D:10     | Reached skill level 5 in Shields
  8470 | D:10     | Found Ethrinent's Jewellery Shoppe.
  8471 | D:10     | Found Baumuet's Book Shop.
  8474 | D:10     | Noticed a hill giant
  8523 | D:10     | Killed a hill giant
  8582 | D:10     | Found Ymivepo's Jewellery Shop.
  8659 | D:10     | Noticed a hill giant
  8665 | D:10     | Killed a hill giant
  8865 | D:10     | Found Jontecof's Jewellery Emporium.
  9367 | D:4      | Bought a scroll labeled PAPSOH ETOTUIMAP for 30 gold pieces
  9367 | D:4      | Bought a scroll labeled YTEYDI GUA for 30 gold pieces
  9367 | D:4      | Bought a scroll labeled VIHAMN VENUE for 30 gold pieces
  9367 | D:4      | Bought a copper wand for 120 gold pieces
  9622 | D:11     | Noticed a skeletal warrior
  9657 | D:11     | Reached skill level 5 in Fighting
  9670 | D:11     | Killed a skeletal warrior
  9677 | D:11     | Noticed a death knight
  9703 | D:11     | Killed a death knight
  9794 | D:11     | Killed themself with a badly aimed iceblast

Skill      XL: |  1  2  3  4  5  6  7  8  9 10 11 |
---------------+----------------------------------+-----
Short Blades   | 1 2 3 4 5 6 7 8 |  8.0
Evocations     | 4 5 8 10 | 10.0
Stealth        | 6 8 |  8.0
Shields        | 4 7 |  7.0
Fighting       | 4 6 |  6.7
Dodging        | |  1.5

Action                   |  1- 3 |  4- 6 |  7- 9 | 10-12 || total
-------------------------+-------+-------+-------+-------++-------
Melee: Short sword       |   106 |   146 |   421 |    43 ||   716
       Bite              |    27 |    50 |   147 |    99 ||   323
       Dagger            |       |       |       |   238 ||   238
Invok: Quick Charge      |       |       |       |    13 ||    13
Evoke: Wand              |     5 |     3 |    21 |    90 ||   119
       Stone of tremors  |       |       |       |     1 ||     1
  Use: Scroll            |       |     1 |     2 |    16 ||    19
       Potion            |       |       |       |     2 ||     2
 Stab: Sleeping          |     2 |     2 |    11 |    15 ||    30
       Confused          |       |       |     9 |     1 ||    10
       Distracted        |       |       |     1 |     2 ||     3
       Paralysed         |       |       |       |    25 ||    25
  Eat: Chunk             |       |     6 |    14 |     9 ||    29
Armor: Leather armour    |    21 |    27 |   111 |    73 ||   232
Dodge: Dodged            |    70 |    61 |   146 |    74 ||   351
Block: Shield            |       |       |    65 |   121 ||   186
